| TOP OF THE 1ST |
|
Round Rock Express batting - Pitching for Omaha Storm Chasers : RHP Brandon Ferrari
|
|
Pitching: RHP Brandon Ferrari
|
|
|
Batting: LHB Jody Hudson
|
0-0: Ball 1-0: Called Strike 1-1: Ball 2-1: Foul Ball, location: 2F 2-2: Fly out, F7 (Flyball, 7, EV 82.5 MPH)
|
|
Batting: RHB Adryão Anto
|
0-0: Ball 1-0: Called Strike 1-1: SINGLE (Groundball, 56, EV 107.5 MPH)
|
|
Batting: LHB Josh Stuck
|
0-0: Swinging Strike 0-1: Grounds out, U3 (Groundball, 3L, EV 80.6 MPH)
|
|
Batting: LHB Zion Davidson
|
0-0: Ground out 4-3 (Groundball, 4, EV 96.2 MPH)
|
| Top of the 1st over - 0 runs, 1 hit, 0 errors, 1 left on base; Round Rock 0 - Omaha 0 |
| BOTTOM OF THE 1ST |
|
Omaha Storm Chasers batting - Pitching for Round Rock Express : RHP Prince Gibson
|
|
Pitching: RHP Prince Gibson
|
|
|
Batting: LHB Jim Pankratz
|
0-0: Called Strike 0-1: Ground out U3 (Groundball, 3, EV 84.4 MPH)
|
|
Batting: RHB Walt Cogswell
|
0-0: Called Strike 0-1: Ball 1-1: Ground out 5-3 (Groundball, 5, EV 82.5 MPH)
|
|
Batting: RHB Taisei Fujii
|
0-0: Called Strike 0-1: Ball 1-1: Ball 2-1: Ball 3-1: Foul Ball, location: 2F 3-2: Fly out, F7 (Line Drive, 7S, EV 109.4 MPH)
|
| Bottom of the 1st over - 0 runs, 0 hits, 0 errors, 0 left on base; Round Rock 0 - Omaha 0 |
| TOP OF THE 2ND |
|
Round Rock Express batting - Pitching for Omaha Storm Chasers : RHP Brandon Ferrari
|
|
Batting: RHB Ivan Colon
|
0-0: Swinging Strike 0-1: Foul Ball, location: 2F 0-2: Foul Ball, location: 2F 0-2: Foul Ball, location: 2F 0-2: Strikes out swinging
|
|
Batting: RHB Martin Guerrero
|
0-0: Ball 1-0: Ball 2-0: Ball 3-0: Called Strike 3-1: Base on Balls
|
|
Batting: RHB Jeremy Boerman
|
0-0: Ball 1-0: Fly out, F8 (Flyball, 78S, EV 75.6 MPH)
|
|
Batting: RHB Carlos Lopez
|
0-0: Foul Ball, location: 2F 0-1: Ball 1-1: Swinging Strike 1-2: Fly out, F8 (Line Drive, 8LXD, EV 97.5 MPH)
|
| Top of the 2nd over - 0 runs, 0 hits, 0 errors, 1 left on base; Round Rock 0 - Omaha 0 |
| BOTTOM OF THE 2ND |
|
Omaha Storm Chasers batting - Pitching for Round Rock Express : RHP Prince Gibson
|
|
Batting: LHB Shigeru Ono
|
0-0: Called Strike 0-1: Ball 1-1: Called Strike 1-2: Ball 2-2: Ground out 6-3 (Groundball, 6MD, EV 105.0 MPH)
|
|
Batting: RHB Ken Postlethwaite
|
0-0: Swinging Strike 0-1: Ball 1-1: Ground out 5-3 (Groundball, 56, EV 103.8 MPH)
|
|
Batting: RHB Danny Weisse
|
0-0: Called Strike 0-1: Foul Ball, location: 2F 0-2: Ball 1-2: Foul Ball, location: 2F 1-2: Foul Ball, location: 2F 1-2: Ground out 6-3 (Groundball, 6, EV 85.6 MPH)
|
| Bottom of the 2nd over - 0 runs, 0 hits, 0 errors, 0 left on base; Round Rock 0 - Omaha 0 |
| TOP OF THE 3RD |
|
Round Rock Express batting - Pitching for Omaha Storm Chasers : RHP Brandon Ferrari
|
|
Batting: RHB Luis Arce
|
0-0: Foul Ball, location: 2F 0-1: Ground out 6-3 (Groundball, 6, EV 84.4 MPH)
|
|
Batting: LHB Jody Hudson
|
0-0: Swinging Strike 0-1: Called Strike 0-2: Ball 1-2: Ground out U3 (Groundball, 34, EV 103.8 MPH)
|
|
Batting: RHB Adryão Anto
|
0-0: Ball 1-0: Ball 2-0: Called Strike 2-1: Called Strike 2-2: Strikes out swinging
|
| Top of the 3rd over - 0 runs, 0 hits, 0 errors, 0 left on base; Round Rock 0 - Omaha 0 |
| BOTTOM OF THE 3RD |
|
Omaha Storm Chasers batting - Pitching for Round Rock Express : RHP Prince Gibson
|
|
Batting: SHB Francisco Gutierrez
|
0-0: Ball 1-0: Ball 2-0: Called Strike 2-1: Ball 3-1: Called Strike 3-2: Base on Balls
|
|
Pitching: RHP Kurt Vitta
|
|
|
Batting: RHB Yuichi Takata
|
0-0: Fly out, F3 (Popup, 23F, EV 93.1 MPH)
|
|
Batting: RHB Kevin Roseen
|
0-0: SINGLE (Line Drive, 6MD, EV 94.4 MPH) Francisco Gutierrez to second Runner from 2nd tries for 3rd, SAFE, throw by CF made to third
|
|
Batting: LHB Jim Pankratz
|
0-0: Called Strike 0-1: Foul Ball, location: 2F 0-2: Foul Ball, location: 2F 0-2: Ball 1-2: Strikes out swinging
|
|
Batting: RHB Walt Cogswell
|
0-0: Fly out, F9 (Flyball, 9D, EV 96.2 MPH)
|
| Bottom of the 3rd over - 0 runs, 1 hit, 0 errors, 2 left on base; Round Rock 0 - Omaha 0 |
| TOP OF THE 4TH |
|
Round Rock Express batting - Pitching for Omaha Storm Chasers : RHP Brandon Ferrari
|
|
Batting: LHB Josh Stuck
|
0-0: Called Strike 0-1: Called Strike 0-2: Ball 1-2: SINGLE (Groundball, 6S, EV 66.2 MPH) (infield hit)
|
|
Pinch Runner at 1st Mike Quackenbush:
|
|
|
Batting: LHB Zion Davidson
|
0-0: Ball Mike Quackenbush is caught stealing 2nd base 2-6 1-0: Swinging Strike 1-1: SINGLE (Groundball, 4, EV 103.1 MPH)
|
|
Batting: RHB Ivan Colon
|
0-0: Ball 1-0: Ball 2-0: Swinging Strike 2-1: Ball 3-1: Fly out, F9 (Flyball, 9D, EV 102.5 MPH)
|
|
Pitching: RHP Terry Romaine
|
|
|
Batting: RHB Martin Guerrero
|
0-0: Ground out 6-3 (Groundball, 6S, EV 66.2 MPH)
|
| Top of the 4th over - 0 runs, 2 hits, 0 errors, 1 left on base; Round Rock 0 - Omaha 0 |
| BOTTOM OF THE 4TH |
|
Omaha Storm Chasers batting - Pitching for Round Rock Express : RHP Kurt Vitta
|
|
Batting: RHB Taisei Fujii
|
0-0: Ball 1-0: Swinging Strike 1-1: Ball 2-1: Ball 3-1: Called Strike 3-2: Strikes out looking
|
|
Batting: LHB Shigeru Ono
|
0-0: Called Strike 0-1: Ball 1-1: Foul Ball, location: 2F 1-2: Ball 2-2: DOUBLE (Groundball, 5L, EV 111.9 MPH)
|
|
Batting: RHB Ken Postlethwaite
|
0-0: SINGLE (Groundball, 6MD, EV 98.1 MPH) Shigeru Ono to third
|
|
Batting: RHB Danny Weisse
|
0-0: Ball 1-0: Foul Ball, location: 2F 1-1: Ball 2-1: Foul Ball, location: 2F 2-2: Strikes out swinging
|
|
Batting: SHB Francisco Gutierrez
|
0-0: Ball 1-0: Called Strike 1-1: Ball 2-1: Foul Ball, location: 2F 2-2: Ball 3-2: Strikes out swinging
|
| Bottom of the 4th over - 0 runs, 2 hits, 0 errors, 2 left on base; Round Rock 0 - Omaha 0 |
| TOP OF THE 5TH |
|
Round Rock Express batting - Pitching for Omaha Storm Chasers : RHP Terry Romaine
|
|
Batting: RHB Jeremy Boerman
|
0-0: Called Strike 0-1: Ball 1-1: Ball 2-1: Foul Ball, location: 2F 2-2: Ball 3-2: Ground out 5-3 (Groundball, 56S, EV 71.2 MPH)
|
|
Batting: RHB Carlos Lopez
|
0-0: Called Strike 0-1: Ball 1-1: Ball 2-1: Foul Ball, location: 2F 2-2: Hit by Pitch
|
|
Batting: RHB Luis Arce
|
0-0: Ball 1-0: Ball 2-0: Foul Ball, location: 2F 2-1: Foul Ball, location: 2F 2-2: Strikes out looking
|
|
Batting: LHB Jody Hudson
|
0-0: Called Strike 0-1: Ball 1-1: Called Strike Carlos Lopez steals 2nd, throwing error, E2 Carlos Lopez to third 1-2: Foul Ball, location: 2F 1-2: Ball 2-2: Strikes out swinging
|
| Top of the 5th over - 0 runs, 0 hits, 1 error, 1 left on base; Round Rock 0 - Omaha 0 |
| BOTTOM OF THE 5TH |
|
Omaha Storm Chasers batting - Pitching for Round Rock Express : RHP Kurt Vitta
|
|
Batting: RHB Yuichi Takata
|
0-0: SINGLE (Flyball, 9LS, EV 90.6 MPH)
|
|
Batting: RHB Kevin Roseen
|
0-0: Called Strike 0-1: Foul Ball, location: 2F 0-2: Ball 1-2: Fly out, F6 (Line Drive, 6M, EV 68.8 MPH)
|
|
Batting: LHB Jim Pankratz
|
0-0: Called Strike Yuichi Takata is caught stealing 2nd base 2-6 0-1: Ball 1-1: Foul Ball, location: 2F 1-2: SINGLE (Line Drive, 89S, EV 95.0 MPH)
|
|
Batting: RHB Walt Cogswell
|
0-0: Ball 1-0: Ball 2-0: Ball 3-0: Base on Balls Jim Pankratz to second
|
|
Batting: RHB Taisei Fujii
|
0-0: Fly out, F9 (Line Drive, 9LD, EV 104.4 MPH)
|
| Bottom of the 5th over - 0 runs, 2 hits, 0 errors, 2 left on base; Round Rock 0 - Omaha 0 |
| TOP OF THE 6TH |
|
Round Rock Express batting - Pitching for Omaha Storm Chasers : RHP Terry Romaine
|
|
Batting: RHB Adryão Anto
|
0-0: Ball 1-0: Ball 2-0: Ball 3-0: Called Strike 3-1: Called Strike 3-2: Ground out U3 (Groundball, 3, EV 104.4 MPH)
|
|
Batting: RHB Mike Quackenbush
|
0-0: Ball 1-0: Ball 2-0: Foul Ball, location: 2F 2-1: Ground out 6-3 (Groundball, 6, EV 105.0 MPH)
|
|
Batting: LHB Zion Davidson
|
0-0: SINGLE (Groundball, P, EV 81.2 MPH) (infield hit)
|
|
Pitching: LHP Yorinobu Noguchi
|
|
|
Batting: RHB Ivan Colon
|
0-0: Ball 1-0: Ball 2-0: Called Strike 2-1: Ball 3-1: Base on Balls Zion Davidson to second
|
|
Batting: RHB Martin Guerrero
|
0-0: Ball 1-0: Swinging Strike 1-1: Foul Ball, location: 2F 1-2: Foul Ball, location: 2F 1-2: Ball 2-2: Ball 3-2: Fly out, F4 (Line Drive, 4M, EV 73.8 MPH)
|
| Top of the 6th over - 0 runs, 1 hit, 0 errors, 2 left on base; Round Rock 0 - Omaha 0 |
| BOTTOM OF THE 6TH |
|
Omaha Storm Chasers batting - Pitching for Round Rock Express : RHP Kurt Vitta
|
|
Batting: LHB Shigeru Ono
|
0-0: Ball 1-0: Called Strike 1-1: Foul Ball, location: 2F 1-2: Ball 2-2: Foul Ball, location: 2F 2-2: Strikes out swinging
|
|
Batting: RHB Ken Postlethwaite
|
0-0: Ball 1-0: Ground out 5-3 (Groundball, 5, EV 84.4 MPH)
|
|
Batting: RHB Danny Weisse
|
0-0: Ball 1-0: Ball 2-0: Fly out, F8 (Line Drive, 8RD, EV 98.1 MPH)
|
| Bottom of the 6th over - 0 runs, 0 hits, 0 errors, 0 left on base; Round Rock 0 - Omaha 0 |
| TOP OF THE 7TH |
|
Round Rock Express batting - Pitching for Omaha Storm Chasers : LHP Yorinobu Noguchi
|
|
Pitching: RHP Rich Frontczak
|
|
|
Batting: RHB Jeremy Boerman
|
0-0: Called Strike 0-1: Ball 1-1: Called Strike 1-2: Ball 2-2: Strikes out swinging
|
|
Batting: RHB Carlos Lopez
|
0-0: Called Strike 0-1: Swinging Strike 0-2: Strikes out looking
|
|
Batting: RHB Luis Arce
|
0-0: Ball 1-0: Called Strike 1-1: Ball 2-1: Foul Ball, location: 2F 2-2: Ball 3-2: Base on Balls
|
|
Batting: LHB Jody Hudson
|
0-0: Called Strike 0-1: Foul Ball, location: 2F 0-2: Ball 1-2: Strikes out swinging
|
| Top of the 7th over - 0 runs, 0 hits, 0 errors, 1 left on base; Round Rock 0 - Omaha 0 |
| BOTTOM OF THE 7TH |
|
Omaha Storm Chasers batting - Pitching for Round Rock Express : RHP Kurt Vitta
|
|
Pitching: RHP Jason Williams
|
|
|
Batting: SHB Francisco Gutierrez
|
0-0: Ball 1-0: Fly out, F6 (Popup, 6, EV 52.5 MPH)
|
|
Batting: RHB Yuichi Takata
|
0-0: Ground out 4-3 (Groundball, 34, EV 109.4 MPH)
|
|
Batting: RHB Kevin Roseen
|
0-0: Ball 1-0: Called Strike 1-1: Ball 2-1: Called Strike 2-2: Ground out 1-3 (Groundball, 13S, EV 63.1 MPH)
|
| Bottom of the 7th over - 0 runs, 0 hits, 0 errors, 0 left on base; Round Rock 0 - Omaha 0 |
| TOP OF THE 8TH |
|
Round Rock Express batting - Pitching for Omaha Storm Chasers : RHP Rich Frontczak
|
|
Pitching: LHP Francisco de la Torre
|
|
|
Batting: RHB Adryão Anto
|
0-0: Ground out 5-3 (Groundball, 56, EV 102.5 MPH)
|
|
Batting: RHB Mike Quackenbush
|
0-0: Fly out, F6 (Popup, 6, EV 75.6 MPH)
|
|
Pinch Hitting: RHB Bill Turnbull
|
0-0: Ground out 6-3 (Groundball, 6, EV 77.5 MPH)
|
| Top of the 8th over - 0 runs, 0 hits, 0 errors, 0 left on base; Round Rock 0 - Omaha 0 |
| BOTTOM OF THE 8TH |
|
Omaha Storm Chasers batting - Pitching for Round Rock Express : RHP Jason Williams
|
|
Now in LF: Ron Corn
|
|
|
Batting: LHB Jim Pankratz
|
0-0: Ball 1-0: Ball 2-0: DOUBLE (Groundball, 5L, EV 109.4 MPH)
|
|
Batting: RHB Walt Cogswell
|
0-0: Ball 1-0: Ball 2-0: Foul Ball, location: 2F 2-1: Bunt missed! 2-2: Fly out, F9 (Line Drive, 9, EV 87.5 MPH)
|
|
Batting: RHB Taisei Fujii
|
0-0: Ball 1-0: Ball 2-0: Ball 3-0: Base on Balls
|
|
Batting: LHB Shigeru Ono
|
0-0: Ball 1-0: Ball 2-0: Foul Ball, location: 2F 2-1: Swinging Strike 2-2: Foul Ball, location: 2F 2-2: Ball 3-2: Base on Balls Jim Pankratz to third Taisei Fujii to second
|
|
Batting: RHB Ken Postlethwaite
|
0-0: Called Strike 0-1: SINGLE (Groundball, 56, EV 98.1 MPH) Jim Pankratz scores Taisei Fujii to third Shigeru Ono to second Runner from 3rd tries for Home, SAFE, throw by LF to home
|
|
Batting: RHB Danny Weisse
|
0-0: Foul Ball, location: 2F 0-1: Ball 1-1: 3-RUN HOME RUN (Flyball, 7LD, EV 91.2 MPH), Distance : 333 ft
|
|
Pitching: RHP Victor Nunez
|
|
|
Batting: SHB Francisco Gutierrez
|
0-0: Ball 1-0: Ball 2-0: Called Strike 2-1: Foul Ball, location: 2F 2-2: DOUBLE (Line Drive, 3D, EV 103.1 MPH)
|
|
Batting: RHB Yuichi Takata
|
0-0: Foul Ball, location: 2F 0-1: Foul Ball, location: 2F 0-2: Foul Ball, location: 2F 0-2: Foul Ball, location: 2F 0-2: Ground out 6-3 (Groundball, 6, EV 90.6 MPH) Francisco Gutierrez to third
|
|
Batting: RHB Kevin Roseen
|
0-0: Called Strike 0-1: Ball 1-1: Ball 2-1: Ball 3-1: Called Strike 3-2: DOUBLE (Line Drive, 3D, EV 95.0 MPH) Francisco Gutierrez scores
|
|
Batting: LHB Jim Pankratz
|
0-0: Ball 1-0: Called Strike 1-1: Ball 2-1: Foul Ball, location: 2F 2-2: Ball 3-2: Base on Balls
|
|
Batting: RHB Walt Cogswell
|
0-0: Called Strike 0-1: Swinging Strike 0-2: Ball Wild Pitch! Kevin Roseen to third Jim Pankratz to second 1-2: SINGLE (Line Drive, 6D, EV 99.4 MPH) Kevin Roseen scores Jim Pankratz to third Throwing error, E8 Jim Pankratz scores Walt Cogswell to second
|
|
Batting: SHB Jared O'Connor
|
0-0: Ball 1-0: Ball 2-0: Foul Ball, location: 2F 2-1: Ground out 4-3 (Groundball, 34, EV 86.9 MPH)
|
| Bottom of the 8th over - 8 runs, 6 hits, 1 error, 1 left on base; Round Rock 0 - Omaha 8 |
| TOP OF THE 9TH |
|
Round Rock Express batting - Pitching for Omaha Storm Chasers : LHP Francisco de la Torre
|
|
Batting: RHB Ivan Colon
|
0-0: Ball 1-0: Ball 2-0: Ball 3-0: Base on Balls
|
|
Batting: RHB Martin Guerrero
|
0-0: Ball 1-0: Swinging Strike 1-1: Foul Ball, location: 2F 1-2: Foul Ball, location: 2F 1-2: Foul Ball, location: 2F 1-2: Ball 2-2: Strikes out swinging
|
|
Batting: RHB Jeremy Boerman
|
0-0: Ball 1-0: 2-RUN HOME RUN (Flyball, 89XD, EV 96.2 MPH), Distance : 383 ft
|
|
Batting: RHB Carlos Lopez
|
0-0: Swinging Strike 0-1: Ball 1-1: Foul Ball, location: 2F 1-2: SINGLE (Line Drive, 7S, EV 105.6 MPH)
|
|
Batting: RHB Luis Arce
|
0-0: Called Strike 0-1: Ball 1-1: Ball 2-1: Foul Ball, location: 2F 2-2: Ball 3-2: Foul Ball, location: 2F 3-2: Strikes out swinging Carlos Lopez is caught stealing 2nd base 2-4 Batter strikes out.
|
| Top of the 9th over - 2 runs, 2 hits, 0 errors, 0 left on base; Round Rock 2 - Omaha 8 |
|